 Dungeon Crawl Stone Soup version 0.29-a0-378-gc08b2e8bf8 (webtiles) character file.

Game seed: 11689821026163456131

1659 happo123 the Cleaver (level 8, 0/71 HPs)
             Began as a Minotaur Abyssal Knight on May 4, 2022.
             Was an Elder of Lugonu.
             Slain by a gnoll
             ... wielding a +0 whip
             ... led by a gnoll sergeant
              (2 damage)
             ... on level 6 of the Dungeon.
             The game lasted 00:33:24 (5777 turns).

happo123 the Cleaver (Minotaur Abyssal Knight)      Turns: 5777, Time: 00:33:24

Health: 0/71       AC: 13    Str: 20    XL:     8   Next: 68%
Magic:  8/8        EV: 11    Int:  7    God:    Lugonu [****..]
Gold:   373        SH:  0    Dex: 11    Spells: 7/7 levels left

rFire   . . .      SeeInvis .   a - +1 hand axe
rCold   . . .      Faith    .   (no shield)
rNeg    + . .      Spirit   .   r - +0 scale mail
rPois   .          Reflect  .   t - +2 hat
rElec   .          Harm     .   (no cloak)
rCorr   .          Rampage  .   H - +2 pair of gloves {Stlth+}
Will    .....                   (no boots)
Stlth   +.........              (no amulet)
HPRegen 0.21/turn               e - ring of positive energy
MPRegen 0.11/turn               (no ring)

@: no status effects
A: horns 2, retaliatory headbutt
a: Renounce Religion, Depart the Abyss, Bend Space, Banish, Corrupt


You were on level 6 of the Dungeon.
You worshipped Lugonu.
Lugonu was greatly pleased with you.
You visited 1 branch of the dungeon, and saw 6 of its levels.
You visited the Abyss 1 time.

You collected 373 gold pieces.

Inventory:

Hand Weapons
 a - a +1 hand axe (weapon)
 s - a +1 dagger of speed
 E - a +1 shortbow of freezing
 I - a +2 dagger of flaming
Missiles
 c - 3 javelins
 n - 3 boomerangs (quivered)
Armour
 b - a +0 leather armour
 i - a +0 ring mail
 r - a +0 scale mail (worn)
 t - a +2 hat (worn)
 H - a +2 pair of gloves of stealth (worn)
Magical Staves
 G - a staff of fire
Jewellery
 e - a ring of positive energy (left hand)
Wands
 u - a wand of digging (3)
 x - a wand of paralysis (4)
 F - a wand of polymorph (7)
Scrolls
 d - 2 scrolls of amnesia {unknown}
 h - a scroll of summoning {unknown}
 k - 5 scrolls of poison {unknown}
 m - 2 scrolls of fog {unknown}
 o - 2 scrolls of enchant armour {unknown}
 p - 3 scrolls of identify {unknown}
 y - 2 scrolls of noise {unknown}
 A - 2 scrolls of teleportation {unknown}
 B - a scroll of fear {unknown}
 C - a scroll of magic mapping {unknown}
Potions
 f - a potion of ambrosia {unknown}
 g - 3 potions of flight {unknown}
 j - 5 potions of curing
 l - a potion of resistance {unknown}
 q - 3 potions of cancellation {unknown}
 v - a potion of brilliance {unknown}
 w - a potion of magic {unknown}
 z - a potion of degeneration {unknown}
 D - 2 potions of attraction {unknown}


   Skills:
 + Level 6.5 Fighting
 + Level 9.0 Axes
 + Level 0.1 Throwing
 + Level 7.5 Armour
 + Level 3.6 Dodging
 + Level 1.0 Stealth
 + Level 1.8 Invocations


You had 7 spell levels left.
You didn't know any spells.
Your spell library contained the following spells:

 Spells                   Type           Power      Damage    Failure   Level
 Apportation              Tloc           0%         N/A       75%         1
 Conjure Flame            Conj/Fire      0%         6-21      98%         3
 Ignite Poison            Fire/Tmut/Pois 0%         N/A       98%         3
 Sticky Flame             Conj/Fire      0%         2d3       100%        4
 Alistair's Intoxication  Tmut/Pois      0%         N/A       100%        5


Dungeon Overview and Level Annotations

Branches:
Dungeon (6/15)             Temple (0/1) D:5

Altars:
Kikubaaqudgha
Sif Muna
Uskayaw
Vehumet

Shops:
D:3 :


Innate Abilities, Weirdness & Mutations

You have a pair of horns on your head.
You reflexively headbutt those who attack you in melee.


Message History

You furiously retaliate!
You headbutt the gnoll sergeant.
You hit the gnoll sergeant but do no damage.
The gnoll sergeant is almost dead.
The gnoll sergeant barely misses you. You furiously retaliate!
You headbutt the gnoll sergeant, but do no damage.
The gnoll barely misses you. The gnoll sergeant blocks your attack.
The gnoll sergeant is almost dead.
The gnoll closely misses you.
The gnoll sergeant hits you but does no damage.
You slash the gnoll sergeant!
You kill the gnoll sergeant!
Lugonu accepts your kill. The gnoll misses you.
Your Axes skill increases to level 9!
The gnoll hits you but does no damage.
Items here: $ ) [[.
You barely miss the gnoll. Your headbutt misses the gnoll.
The gnoll is moderately wounded.
You slash the gnoll! Your headbutt misses the gnoll.
The gnoll is almost dead.
The gnoll barely misses you.
You hit the gnoll.
You kill the gnoll!
Lugonu accepts your kill.
You hit the gnoll. You headbutt the gnoll!
You kill the gnoll!
Lugonu accepts your kill. The gnoll hits you with a +0 whip.
* * * LOW HITPOINT WARNING * * *
The gnoll throws a throwing net.
The throwing net closely misses you.
Items here: ! ( )).
You barely miss the gnoll.
The gnoll is moderately wounded.
The gnoll hits you with a +0 whip.
* * * LOW HITPOINT WARNING * * *
You completely miss the gnoll.
The gnoll is moderately wounded.
The gnoll hits you with a +0 whip.
You die...

#<#.#.##....# .....
...[.......... ...
#.#.#..#...... ...
..#.#<...... #g# .##.#.#.....
#.# ....#.#.##.. #.#
.####.#..#.....#)# .#
#..#.....#)# .# ..#.....#@#
.#.#####.......#g#
.#.#...........#.# .#....#
#......#.# . .###..#
#......#.##########..
..[...####.....†.............
#####...............g........
######.##.........g......
#.##................


You could see 2 gnolls.

Vanquished Creatures
  Eustachio (D:6)
  A wyvern (D:5)
  Menkaure (D:6)
  2 black bears (D:6)
  An ice beast (D:6)
  An ogre (D:5)
  2 phantoms
  A centaur (D:5)
  A gnoll sergeant (D:6)
  2 scorpions
  A howler monkey (D:5)
  3 hounds (D:5)
  2 jellies
  2 iguanas
  3 orc wizards (D:6)
  A statue (D:5)
  3 gnolls (D:6)
  7 adders
  A white imp (D:5)
  An ufetubus (D:5)
  4 worms
  2 dart slugs
  11 orcs
  2 endoplasms (D:1)
  A giant cockroach (D:2)
  7 hobgoblins
  2 jackals (D:2)
  3 quokkas
  5 ball pythons
  4 bats
  8 frilled lizards
  10 goblins
  9 kobolds
  3 rats
108 creatures vanquished.

Vanquished Creatures (others)
  A withered plant (D:3)
1 creature vanquished.

Grand Total: 109 creatures vanquished

Notes
Turn   | Place    | Note
-------+----------+-------------------------------------------
     0 | Abyss:1  | happo123 the Minotaur Abyssal Knight began the quest for
                  | the Orb.
     0 | Abyss:1  | Reached XP level 1. HP: 19/19 MP: 1/1
    23 | Abyss:1  | Found a shimmering blue altar of Sif Muna.
    76 | Abyss:3  | Noticed a raiju
    76 | Abyss:3  | Noticed a raiju
    76 | D:1      | Escaped the Abyss
   163 | D:1      | Reached ** piety under Lugonu
   299 | D:1      | Reached XP level 2. HP: 24/27 MP: 2/2
   337 | D:1      | Found a faded altar of an unknown god.
   965 | D:2      | Reached XP level 3. HP: 34/34 MP: 3/3
  1272 | D:2      | Reached skill level 3 in Axes
  1592 | D:3      | Found Icus's Book Shoppe.
  1991 | D:3      | Reached XP level 4. HP: 37/41 MP: 4/4
  2072 | D:3      | Noticed a phantom
  2091 | D:3      | Killed a phantom
  2092 | D:3      | Reached skill level 5 in Fighting
  2092 | D:3      | Reached XP level 5. HP: 43/48 MP: 5/5
  2160 | D:3      | Reached *** piety under Lugonu
  2242 | D:3      | Found an ancient bone altar of Kikubaaqudgha.
  2421 | D:3      | Reached skill level 4 in Axes
  2926 | D:4      | Found a shimmering blue altar of Sif Muna.
  3951 | D:5      | Entered Level 5 of the Dungeon
  3959 | D:5      | Reached XP level 6. HP: 36/56 MP: 6/6
  4153 | D:5      | Reached skill level 5 in Axes
  4153 | D:5      | Reached skill level 5 in Armour
  4182 | D:5      | Found a staircase to the Ecumenical Temple.
  4248 | D:5      | Noticed a wyvern
  4256 | D:5      | Killed a wyvern
  4257 | D:5      | Reached XP level 7. HP: 7/61 MP: 7/7
  4598 | D:5      | Reached skill level 6 in Axes
  5183 | D:5      | Reached skill level 7 in Axes
  5188 | D:5      | Found a radiant altar of Vehumet.
  5424 | D:6      | Reached XP level 8. HP: 55/70 MP: 8/8
  5552 | D:6      | Noticed Eustachio
  5571 | D:6      | Killed Eustachio
  5572 | D:6      | Reached skill level 8 in Axes
  5577 | D:6      | Found a hide-covered altar of Uskayaw.
  5620 | D:6      | Reached skill level 1 in Stealth
  5638 | D:6      | Reached **** piety under Lugonu
  5733 | D:6      | Noticed Menkaure
  5753 | D:6      | Killed Menkaure
  5770 | D:6      | Reached skill level 9 in Axes
  5776 | D:6      | HP: 1/71 [gnoll/+0 whip[a gnoll sergeant] (6)]
  5777 | D:6      | Slain by a gnoll

Illustrated notes

Levels and vault maps discovered:
D:1:      amcnicky_arrival_choice, layout_loops_ring,
          nicolae_ecumenical_snake_handling
D:2:      layout_loops_cross, fountainhead
D:3:      layout_basic, kiku_gazebo_garden_becter, serial_shops,
          nicolae_shop_trees, mrwooster_statue_mirror
D:4:      layout_basic, lemuel_blue_sif_altar
D:5:      layout_loops_ring, vehumet_statue, minmay_temple_entry_sparse_star
D:6:      minmay_clustersquares, layout_basic, mainiacjoe_overflow_catwalk,
          nicolae_dithmenos_shadow_blocks, cheibrodos_sewer_entry_bend,
          minmay_misc_feat_enclosed, uniq_eustachio, uniq_maggie, uniq_menkaure

Skill      XL: |  1  2  3  4  5  6  7  8 |
---------------+-------------------------+-----
Fighting       | 4 5 6 |  6.5
Axes           | 3 4 5 7 9 |  9.0
Armour         | 3 4 5 6 7 |  7.5
Dodging        | 2 3 |  3.6
Stealth        | 1 |  1.0
Throwing       | |  0.1
Invocations    | |  1.8

Action                   |  1- 3 |  4- 6 |  7- 9 || total
-------------------------+-------+-------+-------++-------
Melee: Hand axe          |    78 |   135 |   138 ||   351
       Headbutt          |    12 |    18 |    21 ||    51
       Punch             |       |     2 |       ||     2
Throw: Boomerang         |       |       |     1 ||     1
Invok: Depart the Abyss  |     1 |       |       ||     1
  Use: Potion            |       |       |     2 ||     2
Armor: Leather armour    |    18 |       |       ||    18
       Scale mail        |    11 |    67 |   102 ||   180
       Ring mail         |     3 |       |       ||     3
Dodge: Dodged            |    52 |    67 |    99 ||   218

Table legend: (Time is in decaauts)
 A = Elapsed time spent in this place.
 B = Non-inter-level travel time spent in this place.
 C = Inter-level travel time spent in this place.
 D = Time resting spent in this place.
 E = Time spent auto-exploring this place.
 F = Levels seen in this place.
 G = Mean time per level.
                   A        B        C        D        E       F      G
               +--------+--------+--------+--------+--------+-----+--------+
         Total |   5789 |   4967 |    822 |   1058 |   3006 |   9 |  643.2 |
       Dungeon |   5713 |   4891 |    822 |   1058 |   3006 |   6 |  952.2 |
         Abyss |     75 |     75 |      0 |      0 |      0 |   3 |   25.0 |
               +--------+--------+--------+--------+--------+-----+--------+

Top non-repeatable levels by time:
     D:5: 1449 daAuts
     D:4: 1443 daAuts
     D:3: 928 daAuts
     D:1: 821 daAuts
     D:2: 702 daAuts
     D:6: 369 daAuts
 Abyss:1: 40 daAuts
 Abyss:2: 34 daAuts
 Abyss:3: 0 daAuts
